3871 views
Uploaded 2020-03-09 23:42:55
Game version 1.32.2
33:43 long 1on1 ladder game on (2)SwampedTemple
Saved by BEARAND
3871 views
Uploaded 2020-03-09 23:42:55
Game version 1.32.2
33:43 long 1on1 ladder game on (2)SwampedTemple

29 units @ 2.6k
/ 0.2k
117 buildings @ 6.3k
/ 4k



| Lesser Clarity Potion | 4 | 280 |
| Scroll of Regeneration | 2 | 200 |
| Potion of Healing | 4 | 600 |
| Staff of Sanctuary | 3 | 750 |
| Potion of Mana | 1 | 200 |
| Orb of Fire | 2 | 650 |
| Staff of Teleportation | 3 | 450 |
| Boots of Speed | 3 | 750 |
| total: | 22 | 3880g |
| Peasant | 24 | 1800 | / | 0 |
| Priest | 2 | 270 | / | 20 |
| Sorceress | 1 | 155 | / | 20 |
| Mortar Team | 2 | 360 | / | 140 |
| total: | 29 | 2585g | / | 180w |
| Scout Tower | 91 | 2730 | / | 1820 |
| Arcane Tower | 14 | 980 | / | 700 |
| Guard Tower | 45 | 3150 | / | 2250 |
| Altar of Kings | 1 | 180 | / | 50 |
| Farm | 9 | 720 | / | 180 |
| Lumber Mill | 1 | 120 | / | 0 |
| Arcane Vault | 2 | 260 | / | 60 |
| Town Hall | 2 | 770 | / | 410 |
| Blacksmith | 1 | 140 | / | 60 |
| Arcane Sanctum | 1 | 150 | / | 140 |
| Workshop | 9 | 1260 | / | 1260 |
| Keep | 1 | 320 | / | 210 |
| Castle | 1 | 360 | / | 210 |
| total: | 117 | 6330g | / | 3980w |
| 0:01 | Peasant |
| 0:01 | Peasant |
| 0:08 | Altar of Kings |
| 0:19 | Farm |
| 0:20 | Peasant |
| 0:23 | Lumber Mill |
| 0:35 | Peasant |
| 0:37 | Scout Tower |
| 0:40 | Peasant |
| 1:03 | Peasant |
| 1:17 | Farm |
| 1:18 | Peasant |
| 1:23 | Scout Tower |
| 1:33 | Peasant |
| 1:37 | Arcane Tower |
| 1:48 | Arcane Vault |
| 1:51 | Peasant |
| 1:53 | Peasant |
| 2:03 | Peasant |
| 2:07 | Scout Tower |
| 2:08 | Blizzard |
| 2:10 | Guard Tower |
| 2:29 | Peasant |
| 2:30 | Peasant |
| 3:11 | Peasant |
| 3:13 | Brilliance Aura |
| 3:15 | Guard Tower |
| 3:16 | Scout Tower |
| 3:16 | Scout Tower |
| 3:17 | Peasant |
| 3:27 | Improved Masonry |
| 3:35 | Keep |
| 3:38 | Scout Tower |
| 3:48 | Staff of Teleportation |
| 3:48 | Boots of Speed |
| 3:55 | Guard Tower |
| 4:14 | Advanced Masonry |
| 4:15 | Guard Tower |
| 5:04 | Scout Tower |
| 5:05 | Scout Tower |
| 5:06 | Scout Tower |
| 5:30 | Farm |
| 5:30 | Farm |
| 5:35 | Lesser Clarity Potion |
| 5:37 | Scroll of Regeneration |
| 5:44 | Guard Tower |
| 5:55 | Scroll of Regeneration |
| 6:05 | Farm |
| 6:14 | Guard Tower |
| 6:29 | Guard Tower |
| 6:34 | Arcane Sanctum |
| 7:02 | Storm Bolt |
| 7:11 | Improved Lumber Harvesting |
| 7:38 | Town Hall |
| 7:48 | Scout Tower |
| 7:49 | Scout Tower |
| 7:49 | Scout Tower |
| 7:50 | Scout Tower |
| 7:50 | Scout Tower |
| 7:51 | Scout Tower |
| 7:51 | Scout Tower |
| 7:53 | Blizzard |
| 7:59 | Magic Sentry |
| 8:00 | Priest |
| 8:05 | Priest |
| 8:07 | Imbued Masonry |
| 8:13 | Bash |
| 8:28 | Boots of Speed |
| 8:32 | Arcane Tower |
| 8:44 | Guard Tower |
| 8:52 | Guard Tower |
| 9:16 | Guard Tower |
| 9:16 | Guard Tower |
| 9:39 | Staff of Teleportation |
| 9:48 | Castle |
| 9:50 | Guard Tower |
| 9:54 | Scout Tower |
| 10:00 | Scout Tower |
| 10:08 | Peasant |
| 10:11 | Arcane Vault |
| 10:19 | Scout Tower |
| 10:19 | Scout Tower |
| 10:30 | Guard Tower |
| 10:35 | Scout Tower |
| 10:35 | Scout Tower |
| 10:36 | Scout Tower |
| 10:36 | Scout Tower |
| 10:37 | Scout Tower |
| 10:37 | Scout Tower |
| 10:37 | Scout Tower |
| 11:28 | Potion of Healing |
| 11:31 | Guard Tower |
| 11:32 | Guard Tower |
| 11:37 | Guard Tower |
| 11:37 | Guard Tower |
| 11:39 | Scout Tower |
| 11:40 | Scout Tower |
| 11:41 | Scout Tower |
| 11:41 | Scout Tower |
| 11:57 | Arcane Tower |
| 12:07 | Arcane Tower |
| 12:11 | Staff of Sanctuary |
| 12:15 | Staff of Sanctuary |
| 12:24 | Arcane Tower |
| 12:35 | Guard Tower |
| 13:10 | Holy Light |
| 13:12 | Guard Tower |
| 13:27 | Lesser Clarity Potion |
| 13:32 | Potion of Healing |
| 13:32 | Potion of Mana |
| 13:35 | Potion of Healing |
| 13:36 | Orb of Fire |
| 13:40 | Guard Tower |
| 13:42 | Scout Tower |
| 13:42 | Scout Tower |
| 13:44 | Guard Tower |
| 13:46 | Scout Tower |
| 13:47 | Scout Tower |
| 13:48 | Peasant |
| 13:49 | Peasant |
| 13:49 | Peasant |
| 13:49 | Peasant |
| 13:51 | Peasant |
| 13:51 | Peasant |
| 13:51 | Peasant |
| 13:51 | Peasant |
| 14:12 | Potion of Healing |
| 15:06 | Guard Tower |
| 15:07 | Arcane Tower |
| 15:08 | Scout Tower |
| 15:09 | Scout Tower |
| 15:26 | Storm Bolt |
| 15:28 | Brilliance Aura |
| 16:28 | Guard Tower |
| 16:29 | Scout Tower |
| 16:30 | Scout Tower |
| 16:31 | Scout Tower |
| 16:32 | Scout Tower |
| 16:32 | Scout Tower |
| 16:32 | Scout Tower |
| 16:33 | Scout Tower |
| 16:33 | Scout Tower |
| 16:40 | Sorceress |
| 16:40 | Sorceress Adept Training |
| 16:52 | Divine Shield |
| 17:40 | Guard Tower |
| 17:45 | Arcane Tower |
| 17:48 | Priest Adept Training |
| 17:57 | Lesser Clarity Potion |
| 18:08 | Lesser Clarity Potion |
| 18:09 | Staff of Sanctuary |
| 18:12 | Orb of Fire |
| 18:18 | Scout Tower |
| 18:19 | Scout Tower |
| 18:20 | Scout Tower |
| 18:20 | Scout Tower |
| 18:22 | Scout Tower |
| 18:22 | Scout Tower |
| 18:23 | Scout Tower |
| 18:24 | Scout Tower |
| 19:13 | Holy Light |
| 19:42 | Boots of Speed |
| 19:54 | Staff of Teleportation |
| 20:04 | Arcane Tower |
| 20:05 | Guard Tower |
| 20:05 | Guard Tower |
| 20:08 | Scout Tower |
| 20:08 | Scout Tower |
| 20:09 | Scout Tower |
| 20:10 | Scout Tower |
| 20:10 | Scout Tower |
| 20:11 | Scout Tower |
| 20:11 | Scout Tower |
| 20:11 | Scout Tower |
| 20:12 | Scout Tower |
| 20:55 | Arcane Tower |
| 20:56 | Guard Tower |
| 20:56 | Guard Tower |
| 21:01 | Arcane Tower |
| 21:02 | Guard Tower |
| 21:07 | Guard Tower |
| 21:08 | Arcane Tower |
| 21:43 | Bash |
| 23:21 | Blizzard |
| 23:25 | Scout Tower |
| 23:25 | Scout Tower |
| 23:26 | Scout Tower |
| 23:26 | Scout Tower |
| 23:26 | Scout Tower |
| 23:27 | Scout Tower |
| 23:27 | Scout Tower |
| 23:27 | Scout Tower |
| 23:28 | Scout Tower |
| 23:28 | Scout Tower |
| 23:28 | Scout Tower |
| 23:29 | Scout Tower |
| 23:49 | Guard Tower |
| 24:11 | Guard Tower |
| 24:13 | Guard Tower |
| 24:33 | Divine Shield |
| 24:42 | Guard Tower |
| 24:47 | Town Hall |
| 24:50 | Guard Tower |
| 25:08 | Guard Tower |
| 25:10 | Scout Tower |
| 25:10 | Scout Tower |
| 25:11 | Scout Tower |
| 25:11 | Scout Tower |
| 25:12 | Scout Tower |
| 25:12 | Scout Tower |
| 25:14 | Scout Tower |
| 25:14 | Scout Tower |
| 26:09 | Scout Tower |
| 26:09 | Scout Tower |
| 26:10 | Scout Tower |
| 26:11 | Scout Tower |
| 26:12 | Scout Tower |
| 26:12 | Scout Tower |
| 26:27 | Arcane Tower |
| 26:27 | Arcane Tower |
| 26:28 | Guard Tower |
| 28:49 | Arcane Tower |
| 28:49 | Guard Tower |
| 29:19 | Storm Bolt |
| 29:55 | Guard Tower |
| 31:37 | Blacksmith |
| 31:52 | Farm |
| 31:53 | Farm |
| 32:01 | Farm |
| 32:02 | Farm |
| 32:10 | Black Gunpowder |
| 32:34 | Workshop |
| 32:35 | Workshop |
| 32:40 | Workshop |
| 32:42 | Workshop |
| 32:59 | Scout Tower |
| 33:00 | Scout Tower |
| 33:01 | Scout Tower |
| 33:23 | Mortar Team |
| 33:25 | Mortar Team |
| 33:27 | Refined Gunpowder |
| 33:30 | Holy Light |
| 33:32 | Guard Tower |
| 33:37 | Workshop |
| 33:38 | Workshop |
| 33:38 | Workshop |
| 33:39 | Workshop |
| 33:40 | Workshop |
| Right click | 2670 |
| Select | 1025 |
| Select group | 609 |
| Chat | 515 |
| Build/train/purchase | 209 |
| Use ability | 148 |
| Assign group | 31 |
| Item give/drop | 19 |
| Misc. action | 17 |
| Remove unit | 3 |
40 units @ 6.5k
/ 1.1k
26 buildings @ 3.8k
/ 1.8k


| Healing Salve | 4 | 400 |
| Potion of Mana | 1 | 200 |
| Scroll of Speed | 1 | 50 |
| Boots of Speed | 1 | 250 |
| total: | 7 | 900g |
| Peon | 12 | 900 | / | 0 |
| Grunt | 2 | 400 | / | 0 |
| Troll Headhunter | 4 | 560 | / | 80 |
| Kodo Beast | 2 | 510 | / | 120 |
| Raider | 14 | 2520 | / | 560 |
| Demolisher | 2 | 440 | / | 100 |
| Wind Rider | 3 | 795 | / | 120 |
| Goblin Shredder | 1 | 375 | / | 100 |
| total: | 40 | 6500g | / | 1080w |
| Watch Tower | 12 | 1320 | / | 960 |
| Altar of Storms | 1 | 180 | / | 50 |
| Orc Burrow | 6 | 960 | / | 240 |
| Barracks | 2 | 360 | / | 100 |
| Voodoo Lounge | 1 | 130 | / | 30 |
| War Mill | 1 | 205 | / | 0 |
| Great Hall | 1 | 385 | / | 185 |
| Beastiary | 2 | 290 | / | 280 |
| Stronghold | 1 | 315 | / | 190 |
| Fortress | 1 | 325 | / | 190 |
| total: | 26 | 3830g | / | 1845w |
| 0:06 | Peon |
| 0:06 | Peon |
| 0:15 | Altar of Storms |
| 0:19 | Orc Burrow |
| 0:38 | Peon |
| 0:43 | Barracks |
| 0:47 | Peon |
| 1:14 | Peon |
| 1:22 | Voodoo Lounge |
| 1:28 | Peon |
| 1:47 | Peon |
| 1:57 | Grunt |
| 2:27 | Wind Walk |
| 2:35 | Stronghold |
| 2:53 | Orc Burrow |
| 3:15 | War Mill |
| 3:27 | Healing Salve |
| 3:27 | Healing Salve |
| 3:48 | Grunt |
| 4:34 | Orc Burrow |
| 4:39 | Troll Headhunter |
| 4:53 | Troll Headhunter |
| 5:29 | Troll Headhunter |
| 5:36 | Beastiary |
| 5:48 | Critical Strike |
| 6:22 | Beastiary |
| 7:05 | Kodo Beast |
| 7:10 | Wind Walk |
| 7:16 | Boots of Speed |
| 7:41 | Orc Burrow |
| 7:43 | Ensnare |
| 8:08 | Healing Salve |
| 8:08 | Healing Salve |
| 8:09 | Potion of Mana |
| 8:09 | Scroll of Speed |
| 8:23 | Raider |
| 8:40 | Raider |
| 8:48 | Raider |
| 8:52 | Hex |
| 9:09 | Orc Burrow |
| 10:06 | Watch Tower |
| 10:07 | Watch Tower |
| 10:08 | Watch Tower |
| 10:30 | Healing Wave |
| 10:59 | Raider |
| 10:59 | Raider |
| 11:43 | Great Hall |
| 11:47 | Watch Tower |
| 11:50 | Watch Tower |
| 12:23 | Barracks |
| 12:57 | Watch Tower |
| 13:04 | Reinforced Defenses |
| 13:06 | Peon |
| 13:06 | Peon |
| 13:11 | Healing Wave |
| 13:47 | Raider |
| 14:59 | Peon |
| 15:01 | Peon |
| 15:17 | Peon |
| 15:20 | Hex |
| 16:02 | Steel Armor |
| 16:03 | Steel Melee Weapons |
| 16:18 | Spiked Barricades |
| 16:25 | Demolisher |
| 17:41 | Raider |
| 17:42 | Raider |
| 17:45 | Troll Headhunter |
| 17:50 | Fortress |
| 18:31 | Demolisher |
| 18:46 | Watch Tower |
| 18:48 | Watch Tower |
| 19:10 | Raider |
| 19:20 | Orc Burrow |
| 20:29 | Watch Tower |
| 20:45 | Watch Tower |
| 21:01 | Kodo Beast |
| 21:12 | Watch Tower |
| 21:15 | Watch Tower |
| 22:26 | Wind Rider |
| 22:26 | Wind Rider |
| 23:26 | Wind Rider |
| 25:15 | Goblin Shredder |
| 27:04 | Raider |
| 27:08 | Raider |
| 27:08 | Raider |
| 32:59 | Raider |
| 33:01 | Raider |
| Select | 409 |
| Right click | 282 |
| Chat | 119 |
| Build/train/purchase | 80 |
| Misc. action | 71 |
| Select group | 49 |
| Use ability | 47 |
| Assign group | 12 |
| Esc | 1 |